AoeStats
← Bonea

African Clearing

503992987Analyzed
4v4 RM · 28d ago on Sep 3, 2026· 42m 29s· 8 players
Game mode
Random Map
Map size
Large (8 player)
Population
200
Speed
Normal
Resources
Standard
Victory
Conquest
Starting age
Dark Age
Ending age
Imperial Age
RankedLock teamsTeams togetherTeam positionsShared explorationLock speedFull tech treeHidden civsTurbo modeCheats
Victory
Defeat
🇨🇳 Mongols · China
1251
+14
🇨🇳 Mongols · China
1223
+15
🇨🇳 Cumans · China
1196
+16
🇨🇳 Spanish · China
1190
+17
🇨🇳 Burmese · China
1248
-19
🇨🇳 Koreans · China
1247
-17
🇩🇪 Vietnamese · Germany
1180
-14
🇬🇷 Magyars · Greece
1133
-12
02281
3:10 Loom
13:40 Feudal Age
18:39 Castle Age
17:35 Stone Mining
18:18 Double-Bit Axe
20:16 Gold Mining
21:40 Town Watch
24:12 Husbandry
25:13 Bloodlines
25:05 Padded Archer Armor
31:00 Leather Archer Armor
徽sir
11:08 Loom
13:00 Feudal Age
14:55 Double-Bit Axe
17:34 Castle Age
XZ.Lumber.AX
2:54 Loom
12:19 Feudal Age
13:14 Double-Bit Axe
13:18 Horse Collar
17:01 Scale Barding Armor
22:24 Castle Age
瓦尚硬
11:03 Feudal Age
11:36 Double-Bit Axe
19:09 Castle Age
19:27 Bloodlines
19:30 Forging
23:02 Bow Saw
23:02 Horse Collar
24:26 Loom
26:39 Wheelbarrow
28:32 Heavy Plow
30:21 Hand Cart
35:14 Imperial Age
33:33 Stone Mining
33:33 Gold Mining
33:40 Town Watch
34:32 Iron Casting
34:03 Scale Barding Armor
36:25 Crop Rotation
35:47 Elite Steppe Lancer
37:38 Conscription
37:20 Steppe Husbandry
37:56 Chain Barding Armor
38:37 Blast Furnace
39:23 Two-Man Saw
39:55 Plate Barding Armor
40:42 Town Patrol
nikos9730
5:55 Loom
13:56 Feudal Age
17:56 Town Watch
30:51 Horse Collar
31:23 Fletching
sajuk
4:16 Loom
14:18 Feudal Age
15:28 Double-Bit Axe
22:07 Castle Age
21:15 Wheelbarrow
20:56 Stone Mining
20:56 Gold Mining
20:57 Stone Mining
21:08 Horse Collar
21:45 Gold Mining
23:27 Squires
23:13 Arson
25:17 Scale Mail Armor
25:28 Forging
25:42 Forging
29:43 Fletching
29:54 Padded Archer Armor
30:29 Bow Saw
31:12 Heavy Plow
31:20 Padded Archer Armor
31:24 Town Watch
32:26 Ballistics
33:14 Leather Archer Armor
32:45 Treadmill Crane
33:20 Bodkin Arrow
34:55 Chain Mail Armor
35:15 Iron Casting
35:16 Hand Cart
39:38 Imperial Age
38:58 Stone Shaft Mining
38:10 Pikeman
39:36 Iron Casting
39:34 Town Patrol
39:42 Chatras
39:57 Bloodlines
39:47 Husbandry
40:32 Scale Barding Armor
40:57 Plate Mail Armor
40:59 Ring Archer Armor
41:05 Bracer
42:16 Chain Barding Armor
41:51 Elite Fire Lancer
psrycc
3:44 Loom
14:16 Feudal Age
19:25 Castle Age
18:11 Stone Mining
19:20 Fletching
20:12 Double-Bit Axe
Bonea
12:10 Feudal Age
13:33 Loom
16:16 Castle Age
14:28 Horse Collar
14:36 Loom
Connection lost

Rejoining the realm…

Still unreachable

The connection could not be restored.

Session expired

The server has moved on; the page needs a fresh start.